 Dungeon Crawl Stone Soup version 0.29.1-4-g47bece8355 (webtiles) character file.

Game seed: 16281827648638020880

105770 ChadusMaximus the Demonologist (level 15, -19/72 HPs)
             Began as a Deep Elf Summoner on Dec 4, 2022.
             Was a Priest of Yredelemnul.
             Demolished by a spark wasp (22 damage)
             ... on level 1 of the Spider Nest.
             The game lasted 01:53:52 (35200 turns).

ChadusMaximus the Demonologist (Deep Elf Summoner) Turns: 35200, Time: 01:53:52

Health: -19/72     AC: 17    Str:  2    XL:     15   Next: 95%
Magic:  29/40      EV: 10    Int: 37    God:    Yredelemnul [***...]
Gold:   2012       SH:  0    Dex: 26    Spells: 14/53 levels left

rFire   . . .      SeeInvis .   G - +6 trident "Estebiy" {freeze, Str+3 Int+2 Dex+4}
rCold   + + .      Faith    .   (no shield)
rNeg    + + .      Spirit   .   V - +4 ring mail of Comexky {rN+ Str-4 Dex+3}
rPois   .          Reflect  .   O - +2 hat
rElec   .          Harm     .   i - scarf {repulsion}
rCorr   .          Rampage  .   D - +2 pair of gloves {hurl}
Will    +....                   c - +0 pair of boots
Stlth   ++++......              E - amulet of regeneration
HPRegen 1.02/turn               Z - ring "Kicixyhe" {rC+ Str-2 Dex+2 Stlth+}
MPRegen 0.27/turn               z - ring "Xetitiej" {rC+ rN+ Int+7 Dex+2 Stlth+}

@: repel missiles
A: antennae 1, iridescent scales 1
a: Renounce Religion, Recall Undead Harvest, Dark Bargain


You were on level 1 of the Spider Nest.
You worshipped Yredelemnul.
Yredelemnul was noncommittal.
You visited 5 branches of the dungeon, and saw 22 of its levels.
You also visited: Gauntlet and Ice Cave.

You collected 3347 gold pieces.
You spent 1335 gold pieces at shops.

Inventory:

Hand Weapons
 G - the +6 trident "Estebiy" (weapon) {freeze, Str+3 Int+2 Dex+4}
   (You found it on level 8 of the Dungeon)

   It freezes those it strikes, dealing additional cold damage.
   It can also slow down cold-blooded creatures.
   Str:       It affects your strength (+3).
   Int:       It affects your intelligence (+2).
   Dex:       It affects your dexterity (+4).
 Y - the +7 Singing Sword {vorpal, sonic wave}
   (You found it in a Gauntlet)

   It inflicts extra damage upon your enemies.
   It radiates damaging sonic waves as it strikes, especially in combat
   involving dangerous or numerous foes.
Missiles
 f - 2 throwing nets
Armour
 c - a +0 pair of boots (worn)
 h - an orb of light
 i - a scarf of repulsion (worn)
 D - a +2 pair of gloves of hurling (worn)
 O - a +2 hat (worn)
 V - the +4 ring mail of Comexky (worn) {rN+ Str-4 Dex+3}
   (You found it on level 3 of the Lair of Beasts)

   Str:       It affects your strength (-4).
   Dex:       It affects your dexterity (+3).
   rN:        It protects you from negative energy.
Jewellery
 x - a ring of flight
 z - the ring "Xetitiej" (right hand) {rC+ rN+ Int+7 Dex+2 Stlth+}
   (You took it off a minotaur in a Gauntlet)

   [ring of protection from cold]

   Int:       It affects your intelligence (+7).
   Dex:       It affects your dexterity (+2).
   rC:        It protects you from cold.
   rN:        It protects you from negative energy.
   Stlth:     It makes you more stealthy.
 E - an amulet of regeneration (around neck)
 Q - a +4 ring of evasion
 W - an amulet of reflection
 X - a ring of willpower
 Z - the ring "Kicixyhe" (left hand) {rC+ Str-2 Dex+2 Stlth+}
   (You found it in a Gauntlet)

   [ring of protection from cold]

   Str:       It affects your strength (-2).
   Dex:       It affects your dexterity (+2).
   rC:        It protects you from cold.
   Stlth:     It makes you more stealthy.
Wands
 k - a wand of flame (43)
 u - a wand of mindburst (27)
 v - a wand of digging (7)
 C - a wand of light (22)
 L - a wand of paralysis (12)
 P - a wand of iceblast (8)
Scrolls
 e - a scroll of butterflies
 j - 6 scrolls of immolation
 l - 3 scrolls of enchant armour
 s - a scroll of vulnerability
 w - 3 scrolls of enchant weapon
 y - 2 scrolls of amnesia
 A - 4 scrolls of noise
 B - 7 scrolls of identify
 F - 2 scrolls of teleportation
 H - 3 scrolls of brand weapon
 I - 3 scrolls of poison
 S - 4 scrolls of silence
 T - 2 scrolls of torment
Potions
 b - a potion of magic
 g - 8 potions of brilliance
 m - 8 potions of lignification
 o - 4 potions of flight
 p - 5 potions of invisibility
 r - 5 potions of haste
 t - a potion of mutation
 J - 3 potions of attraction
 K - 3 potions of ambrosia
 M - a potion of degeneration {unknown}
 N - a potion of resistance
 R - 3 potions of berserk rage
 U - 3 potions of might
Miscellaneous
 a - a phantom mirror
 d - a lightning rod (4/4)


   Skills:
 + Level 14.3 Dodging
 - Level 2.4 Stealth
 + Level 19.8 Spellcasting
 * Level 23.2 Summonings


You had 14 spell levels left.
You knew the following spells:

 Your Spells              Type           Power      Damage    Failure   Level
a - Summon Small Mammal   Summ           100%       N/A       0%          1
b - Call Canine Familiar  Summ           100%       N/A       0%          3
c - Call Imp              Summ           100%       N/A       0%          2
d - Summon Lightning Spi  Summ/Air       89%        N/A       1%          4
e - Swiftness             Air            36%        N/A       30%         3
f - Summon Guardian Gole  Hex/Summ       89%        N/A       1%          3
g - Summon Cactus Giant   Summ           59%        N/A       1%          6
h - Summon Forest         Summ/Tloc      44%        N/A       2%          5
i - Summon Hydra          Summ           59%        N/A       1%          7
j - Summon Mana Viper     Hex/Summ       89%        N/A       2%          5

Your spell library contained the following spells:

 Spells                   Type           Power      Damage    Failure   Level
 Apportation              Tloc           72%        N/A       10%         1
 Foxfire                  Conj/Fire      100%       2x1d9     10%         1
 Magic Dart               Conj           100%       1d8       10%         1
 Shock                    Conj/Air       100%       1d9       10%         1
 Slow                     Hex            100%       N/A       10%         1
 Ensorcelled Hibernation  Hex/Ice        72%        N/A       16%         2
 Poisonous Vapours        Pois/Air       72%        N/A       16%         2
 Searing Ray              Conj           72%        2d7       16%         2
 Static Discharge         Conj/Air       36%        3-8/arc   16%         2
 Confusing Touch          Hex            36%        N/A       30%         3
 Conjure Flame            Conj/Fire      36%        6-21      30%         3
 Ignite Poison            Fire/Tmut/Pois 36%        N/A       30%         3
 Inner Flame              Hex/Fire       36%        N/A       30%         3
 Mephitic Cloud           Conj/Pois/Air  36%        N/A       30%         3
 Portal Projectile        Hex/Tloc       72%        N/A       30%         3
 Vampiric Draining        Necr           36%        2d8       30%         3
 Haunt                    Necr/Summ      44%        N/A       56%         7
 Malign Gateway           Summ/Tloc      44%        N/A       56%         7
 Airstrike                Air            18%        2d(3-19)  69%         4
 Cause Fear               Hex            18%        N/A       69%         4
 Corpse Rot               Necr/Pois/Air  36%        N/A       69%         4
 Flame Wave               Conj/Fire      36%        2d10      69%         4
 Fulminant Prism          Conj/Hex       18%        3d11      69%         4
 Leda's Liquefaction      Hex/Erth       18%        N/A       69%         4
 Sticky Flame             Conj/Fire      36%        2d6       69%         4
 Alistair's Intoxication  Tmut/Pois      24%        N/A       95%         5
 Borgnjor's Vile Clutch   Necr/Erth      18%        N/A       95%         5
 Lightning Bolt           Conj/Air       18%        1d32      95%         5
 Dispersal                Tloc           18%        N/A       100%        6
 Eringya's Noxious Bog    Tmut/Pois      18%        N/A       100%        6
 Discord                  Hex            18%        N/A       100%        8
 Infestation              Necr           18%        N/A       100%        8
 Maxwell's Capacitive Co  Air            18%        ∞         100%        8
 Animate Dead             Necr           Unusable   N/A       N/A         4

Dungeon Overview and Level Annotations

Branches:
Dungeon (13/15)            Temple (1/1) D:7            Lair (5/5) D:10
 Shoals (0/4) Lair:2       Spider (1/4) Lair:3        Slime (0/5) Lair:4
    Orc (2/2) D:9             Elf (0/3) Orc:2        Vaults (0/5) D:13
  IceCv (visited)         Gauntlet (visited)

Altars:
Ashenzari
Cheibriados
Dithmenos
Elyvilon
Fedhas
Gozag
Hepliaklqana
Kikubaaqudgha
Makhleb
Nemelex Xobeh
Okawaru
Qazlal
Ru
Sif Muna
Trog
Uskayaw
Wu Jian
Xom
Yredelemnul
Zin
The Shining One
Jiyva

Shops:
D:2 *   D:4 :   D:5 *   D:13 *   Orc:2 ==:*=

Annotations:
D:6 1 transporter
Temple 2 transporters
Lair:5 exclusion: obsidian statue


Innate Abilities, Weirdness & Mutations

You have a pair of small antennae on your head.
You are partially covered in iridescent scales. (AC +2)


Message History

Your eight-headed hydra bites the tarantella!
Your eight-headed hydra closely misses the tarantella.
Your eight-headed hydra bites the tarantella!
Your eight-headed hydra barely misses the tarantella.
Your eight-headed hydra bites the tarantella but does no damage.
Your eight-headed hydra bites the tarantella!
The tarantella dies!
A redback comes into view.
A jorogumo comes into view.
A tarantella comes into view.
The redback bites your eight-headed hydra!
The spark wasp bursts into living lightning!
The living lightning hits the redback!
The living lightning hits your eight-headed hydra!
The living lightning hits your redback zombie!!
The living lightning hits you!
The spark wasp blinks!
The spark wasp stings you! The spark wasp shocks you!
You swap places.
The spark wasp stings you!!
* * * LOW HITPOINT WARNING * * *
The spark wasp shocks you!
* * * LOW HITPOINT WARNING * * *
The wolf spider closely misses your redback zombie.
The wolf spider bites your redback zombie.
A tarantella comes into view.
The demonic crawler shrieks in warning!
You hear a chilling moan.
As you read the scroll of fear, it crumbles to dust.
You assume a fearsome visage.
The spark wasp looks frightened!
The jorogumo easily resists.
The tarantella easily resists.
The jorogumo looks frightened!
The demonic crawler resists with almost no effort.
The tarantella looks frightened!
The redback looks frightened!
The wolf spider looks frightened!
Your redback zombie barely misses the redback.
The redback bites your redback zombie.
Cornered, the spark wasp turns to fight!
Your redback zombie bites the redback.
The spark wasp attacks as you move away!
The spark wasp stings you!!
You die...
Your body rises from the dead as a mindless zombie.

#...#...#..#########...#####
#{..###...{Z......#..###.#^#
###....##.##Z......#.##.#....
###
#...#...#..####.#..###..#.)#.
..###..##.###.##
###.^#.<..#..#.
.##Z...#.##....#
#......#...#.
....{####.....#####
##..##....###
.....#.#...##...#y#
##...#####
####.....Z.###..@D####....#
##.Z.{#.....##ZCZ#######
###..#.##.####Z## ##.######
8s8# ###


#ssH# #.§.s #.8.H. #...... #.8.... You could see 2 jorogumos, a spark wasp (ally
target), a demonic crawler (catching breath), a redback (distracted, ally
target), a friendly eight-headed hydra (summoned), a friendly cactus giant
(summoned), 2 friendly redback zombies and a friendly steelbarb worm zombie.

Vanquished Creatures
  A great orb of eyes (Gauntlet)
  An orc high priest (D:13)
  2 cyclopes (D:13)
  5 elephants
  A black mamba (Lair:4)
  A troll (D:13)
  5 blink frogs
  A spectral elephant (Lair:5)
  A jumping spider (Spider:1)
  2 wraiths
  5 yaks
  2 humans (D:13)
  2 redbacks (Spider:1)
  A vampire mosquito (D:13)
  A death yak simulacrum (IceCv)
  A water moccasin (D:9)
  An orc warrior (Orc:2)
  2 ogres (Orc:1)
  2 wolves (Lair:4)
  A centaur (D:13)
  3 kobold brigands (D:7)
  A scorpion (D:4)
  4 bullfrogs
  An elephant simulacrum (IceCv)
  A crimson imp (D:9)
  A hound (D:4)
  2 orc priests
  2 orc wizards
  A gnoll (D:3)
  An adder (D:2)
  A river rat (D:5)
  2 white imps
  3 dart slugs
  7 orcs
  5 endoplasms
  A giant cockroach (D:4)
  A hobgoblin (D:2)
  4 jackals (D:4)
  2 kobolds
  4 ball pythons
  3 bats
  2 frilled lizards
  3 rats
93 creatures vanquished.

Vanquished Creatures (collateral kills)
  Gastronok (Lair:1)
  Kirke (D:12)
  A quicksilver ooze (Gauntlet)
  The ghost of satrion the Abyss-Baptised, a journeyman DsAK of Lugonu (Lair:5)
  2 minotaurs
  3 dire elephants (Lair:5)
  The ghost of Xeskurph Meti the Geomancer, a journeyman GrEE of Vehumet (D:13)
  A fire dragon (D:13)
  Fannar (Lair:3)
  A rakshasa (D:13)
  7 boulder beetles (D:13)
  A jorogumo (Spider:1)
  9 hydras
  A hydra (shapeshifter) (D:13)
  6 centaur warriors (D:13)
  A catoblepas (Lair:5)
  6 two-headed ogres
  A death knight (D:13)
  6 death yaks
  A dancing weapon (D:13)
  3 orc high priests (Orc:2)
  Sonja (D:11)
  Nergalle (Lair:1)
  A spectral death yak (Lair:5)
  Amaemon (D:9)
  A spectral anaconda (Lair:5)
  An orb spider (Spider:1)
  3 skeletal warriors (D:13)
  A steelbarb worm (Spider:1)
  A glowing orange brain (shapeshifter) (D:13)
  A lindwurm (Lair:5)
  The ghost of Wilhelm1986 the Cleaver, a novice MiMo of Okawaru (D:6)
  5 orc knights
  3 necromancers (Lair:5)
  The ghost of kalagan the Thaumaturge, a novice DECj (D:7)
  2 ugly things
  5 orc sorcerers
  2 wolf spiders
  6 cyclopes (D:13)
  4 manticores (D:13)
  A worldbinder (Gauntlet)
  10 elephants
  Joseph (D:9)
  A dire elephant zombie (Lair:5)
  2 black mambas
  An orange demon (D:9)
  A gargoyle (D:11)
  12 cane toads
  A torpor snail (Lair:3)
  2 dire elephant skeletons (Lair:5)
  Psyche (D:9)
  4 rime drakes
  6 komodo dragons
  A redback zombie (Spider:1)
  2 kobold demonologists
  A freezing wraith (IceCv)
  A tengu conjurer (D:13)
  A meliai (D:13)
  6 trolls
  2 polar bears
  3 tarantellas (Spider:1)
  A hornet (D:7)
  5 dream sheep (Lair:3)
  3 slime creatures (D:13)
  A spectral elephant (Lair:5)
  18 blink frogs
  3 jumping spiders (Spider:1)
  A dire elephant simulacrum (Lair:5)
  5 wyverns
  A culicivora (Spider:1)
  A centaur simulacrum (D:13)
  2 vampires
  2 wraiths
  A shadow (D:10)
  14 humans (D:13)
  5 basilisks
  33 yaks
  3 hogs (D:12)
  7 redbacks (Spider:1)
  2 steam dragons (D:7)
  3 death yak simulacra
  4 wargs
  2 spectral cane toads (Lair:5)
  An acid dragon (D:11)
  12 vampire mosquitoes
  6 water moccasins
  A hydra simulacrum (IceCv)
  19 orc warriors
  An ice beast (D:5)
  2 black bears
  4 boggarts
  6 ogres
  6 wolves
  2 elephant skeletons (Lair:5)
  2 centaurs
  2 phantoms
  Blork the orc (D:6)
  11 kobold brigands
  10 bullfrogs
  2 necrophages
  A scorpion (D:4)
  A cane toad simulacrum (Lair:5)
  4 wights (D:9)
  An elephant simulacrum (Lair:5)
  5 howler monkeys
  2 gnoll boudas (D:8)
  3 hounds (D:5)
  16 orc priests
  An iguana (D:5)
  24 orc wizards
  3 wolf simulacra (IceCv)
  8 adders
  14 gnolls
  7 river rats (D:5)
  A shadow imp (D:7)
  A white imp (D:7)
  An ufetubus (D:6)
  4 worms
  2 dart slugs
  84 orcs
  4 ball pythons
  2 bats (D:1)
  2 endoplasms (D:3)
  A giant cockroach (D:1)
  4 goblins
  2 hobgoblins (D:1)
  2 jackals (D:4)
  13 kobolds
  6 quokkas
  A frilled lizard (D:3)
  A gnoll zombie (D:8)
  6 orc zombies
  15 rats
603 creatures vanquished.

Vanquished Creatures (others)
  A quicksilver ooze zombie (Gauntlet)
  An orc knight (Orc:2)
  A jorogumo zombie (Spider:1)
  An orc sorcerer (Orc:2)
  A dire elephant zombie (Lair:5)
  A spectral rakshasa (D:13)
  An elephant slug zombie (Lair:1)
  A catoblepas zombie (Lair:5)
  A spectral glowing orange brain (D:13)
  4 hydra zombies
  A tarantella zombie (Spider:1)
  A boulder beetle zombie (D:13)
  A fire dragon zombie (D:13)
  A slime creature zombie (D:13)
  4 two-headed ogre zombies
  3 cane toad zombies
  3 orc warriors (Orc:2)
  2 elephant zombies
  A dream sheep zombie (Lair:3)
  9 vampire mosquito zombies
  A hog zombie (D:12)
  10 blink frog zombies
  2 manticore zombies (D:13)
  4 komodo dragon zombies
  A wyvern zombie (Lair:2)
  3 cyclops zombies (D:13)
  2 warg zombies
  4 water moccasin zombies
  A polar bear zombie (Lair:1)
  9 human zombies
  A troll zombie (D:13)
  5 yak zombies
  3 wolf zombies
  4 bullfrog zombies
  6 centaur zombies
  A basilisk zombie (Lair:3)
  4 orc wizards (Orc:2)
  3 boggart zombies
  2 ogre zombies (Orc:1)
  6 kobold zombies
  A spectral crimson imp (D:9)
  A howler monkey zombie (D:9)
  3 gnoll zombies (D:8)
  48 orc zombies
  50 fungi
  43 plants
  32 withered plants (Lair:5)
289 creatures vanquished.

Grand Total: 985 creatures vanquished

Notes
Turn   | Place    | Note
-------+----------+-------------------------------------------
     0 | D:1      | ChadusMaximus the Deep Elf Summoner began the quest for the
                  | Orb.
     0 | D:1      | Reached XP level 1. HP: 10/10 MP: 6/6
     8 | D:1      | Found a faded altar of an unknown god.
    76 | D:1      | Reached XP level 2. HP: 10/15 MP: 6/8
   512 | D:1      | Reached skill level 5 in Summonings
   877 | D:2      | Reached XP level 3. HP: 3/19 MP: 8/10
  1330 | D:2      | Found Oclebbez's General Store.
  1342 | D:2      | Bought a potion of heal wounds for 55 gold pieces
  1388 | D:2      | Learned a level 3 spell: Call Canine Familiar
  2260 | D:3      | Reached XP level 4. HP: 16/24 MP: 6/12
  2463 | D:3      | Reached skill level 6 in Summonings
  2639 | D:3      | Reached XP level 5. HP: 25/28 MP: 11/14
  2806 | D:3      | Found a white marble altar of Elyvilon.
  2931 | D:3      | Found a burning altar of Makhleb.
  2933 | D:3      | Found a shimmering altar of Xom.
  3062 | D:4      | Reached skill level 5 in Spellcasting
  3186 | D:4      | Found an opulent altar of Gozag.
  3415 | D:4      | Reached skill level 7 in Summonings
  3415 | D:4      | Reached XP level 6. HP: 22/32 MP: 11/16
  4739 | D:4      | Found Qadacin's Book Emporium.
  4957 | D:3      | Found an ancient bone altar of Kikubaaqudgha.
  4986 | D:5      | Entered Level 5 of the Dungeon
  5109 | D:5      | Found Lothriu's Neck Hole.
  5213 | D:5      | Learned a level 2 spell: Call Imp
  5284 | D:5      | Found a sparkling altar of Nemelex Xobeh.
  5320 | D:5      | Noticed an ice beast
  5349 | D:5      | Killed an ice beast
  5350 | D:5      | Reached skill level 8 in Summonings
  5350 | D:5      | Reached XP level 7. HP: 13/36 MP: 9/18
  6007 | D:5      | Reached skill level 9 in Summonings
  6264 | D:5      | Gained mutation: Your magical capacity is low. (-10% MP)
                  | [potion of mutation]
  6264 | D:5      | Gained mutation: You are partially covered in large bone
                  | plates. (SH +4) [potion of mutation]
  6264 | D:5      | Gained mutation: You are covered in fur. (AC +1) [potion of
                  | mutation]
  6265 | D:5      | Lost mutation: Your magical capacity is low. (-10% MP)
                  | [potion of mutation]
  6265 | D:5      | Lost mutation: You are partially covered in large bone
                  | plates. (SH +4) [potion of mutation]
  6265 | D:5      | Lost mutation: You are covered in fur. (AC +1) [potion of
                  | mutation]
  6265 | D:5      | Gained mutation: You are occasionally teleported next to
                  | monsters. [potion of mutation]
  6265 | D:5      | Gained mutation: You have an increased reservoir of magic.
                  | (+10% MP) [potion of mutation]
  6296 | D:6      | Noticed a kobold demonologist
  6296 | D:6      | Found a transporter.
  6344 | D:6      | Found a transporter.
  6382 | D:6      | Noticed a kobold demonologist
  6420 | D:6      | Reached XP level 8. HP: 41/41 MP: 23/23
  6421 | D:6      | Noticed Blork the orc
  6447 | D:6      | Killed Blork the orc
  6640 | D:6      | Found a hide-covered altar of Uskayaw.
  6689 | D:6      | Reached skill level 10 in Summonings
  6768 | D:6      | Lost mutation: You have an increased reservoir of magic.
                  | (+10% MP) [potion of mutation]
  6768 | D:6      | Lost mutation: You are occasionally teleported next to
                  | monsters. [potion of mutation]
  6768 | D:6      | Gained mutation: You are partially covered in iridescent
                  | scales. (AC +2) [potion of mutation]
  6768 | D:6      | Gained mutation: You have a pair of small antennae on your
                  | head. [potion of mutation]
  6892 | D:6      | Found a large runed translucent door.
  6892 | D:6      | Found a large runed translucent door.
  6893 | D:6      | Noticed Wilhelm1986's ghost (novice MiMo)
  6916 | D:6      | Learned a level 4 spell: Summon Lightning Spire
  7090 | D:6      | Found an ornate altar of the Wu Jian Council.
  7212 | D:7      | Noticed a hornet
  7627 | D:7      | Found a bloodstained altar of Trog.
  7663 | D:7      | Noticed a troll
  7684 | D:7      | Killed a troll
  7685 | D:7      | Reached skill level 11 in Summonings
  8126 | D:7      | Found a runed translucent gate.
  8128 | D:7      | Found a runed translucent gate.
  8129 | D:7      | Found a runed translucent gate.
  8131 | D:7      | Noticed kalagan's ghost (novice DECj)
  8430 | D:7      | Found a staircase to the Ecumenical Temple.
  8440 | Temple   | Entered the Ecumenical Temple
  8440 | Temple   | Found a transporter.
  8440 | Temple   | Found a transporter.
  8442 | Temple   | Found a transporter.
  8442 | Temple   | Found a transporter.
  8465 | Temple   | Became a worshipper of Yredelemnul the Dark
  8565 | D:7      | Killed a hornet
  8566 | D:7      | Reached XP level 9. HP: 45/45 MP: 15/24
  9304 | D:8      | Reached skill level 12 in Summonings
  9361 | D:8      | Reached skill level 10 in Spellcasting
  9369 | D:8      | Identified the +6 trident "Estebiy" {freeze, Str+3 Int+2
                  | Dex+4}
  9402 | D:8      | Reached * piety under Yredelemnul
  9416 | D:8      | Reached ** piety under Yredelemnul
  9519 | D:8      | Reached skill level 13 in Summonings
  9520 | D:8      | Reached *** piety under Yredelemnul
 10217 | D:9      | Noticed a kobold demonologist
 10222 | D:9      | Noticed Psyche
 10223 | D:9      | Noticed a rust devil
 10238 | D:9      | Killed Psyche
 10240 | D:9      | Reached XP level 10. HP: 34/50 MP: 11/27
 10243 | D:9      | Noticed a soul eater
 10381 | D:9      | Your ally Psyche died
 10450 | D:9      | Noticed a two-headed ogre
 10462 | D:9      | Killed a two-headed ogre
 10462 | D:9      | Noticed a two-headed ogre
 10463 | D:9      | Reached skill level 14 in Summonings
 10470 | D:9      | Killed a two-headed ogre
 11138 | D:9      | Noticed Joseph
 11145 | D:9      | Noticed an orange demon
 11149 | D:9      | Noticed Amaemon
 11220 | D:9      | Reached skill level 15 in Summonings
 11472 | D:9      | Found a staircase to the Orcish Mines.
 11763 | D:9      | Killed Amaemon
 11767 | D:9      | Killed an orange demon
 11768 | D:9      | Reached XP level 11. HP: 54/54 MP: 18/30
 11837 | D:9      | Identified the +0 pair of gloves of the Journeyman {rPois}
 14443 | D:9      | Killed Joseph
 14507 | D:10     | Entered Level 10 of the Dungeon
 14691 | D:10     | Reached skill level 16 in Summonings
 14694 | D:10     | Reached **** piety under Yredelemnul
 14751 | D:10     | Reached ***** piety under Yredelemnul
 14973 | D:10     | Found a staircase to the Lair.
 14984 | D:10     | Found a broken altar of Ashenzari.
 15266 | Lair:1   | Entered Level 1 of the Lair of Beasts
 15405 | Lair:1   | Identified the +3 flail of the Scavenger {venom, *Rage
                  | rCorr Dex+5 Stlth+}
 15491 | Lair:1   | Noticed Gastronok
 15505 | Lair:1   | Killed Gastronok
 15558 | Lair:1   | Your ally Gastronok died
 15620 | Lair:1   | Reached skill level 5 in Dodging
 15626 | Lair:1   | Reached skill level 17 in Summonings
 15649 | Lair:1   | Found a frozen archway.
 15658 | IceCv    | Entered an ice cave
 16330 | Lair:1   | Reached XP level 12. HP: 59/59 MP: 22/32
 16403 | Lair:1   | Noticed Nergalle
 16414 | Lair:1   | Killed Nergalle
 17393 | Lair:2   | Found a staircase to the Shoals.
 17594 | Lair:2   | Reached skill level 15 in Spellcasting
 17606 | Lair:2   | Learned a level 3 spell: Swiftness
 17740 | Lair:2   | Noticed a death yak
 17740 | Lair:2   | Noticed a death yak
 17740 | Lair:2   | Noticed a death yak
 17757 | Lair:2   | Killed a death yak
 17758 | Lair:2   | Reached skill level 18 in Summonings
 17765 | Lair:2   | Killed a death yak
 17767 | Lair:2   | Killed a death yak
 18185 | Lair:3   | Noticed an eight-headed hydra
 18458 | Lair:3   | Found a hole to the Spider Nest.
 18592 | Lair:3   | Identified the +4 ring mail of Comexky {rN+ Str-4 Dex+3}
 18597 | Lair:3   | Killed an eight-headed hydra
 19059 | Lair:3   | Noticed Fannar
 19088 | Lair:3   | Killed Fannar
 19272 | Lair:3   | Reached XP level 13. HP: 63/63 MP: 29/34
 19769 | Lair:4   | Reached skill level 19 in Summonings
 19838 | Lair:4   | Identified the +3 war axe "Raaleelu" {vamp, Int+4}
 20578 | Lair:4   | Found a viscous altar of Jiyva.
 20579 | Lair:4   | Found a staircase to the Slime Pits.
 20969 | Lair:5   | Entered Level 5 of the Lair of Beasts
 21085 | Lair:5   | Found a runed translucent gate.
 21085 | Lair:5   | Found a runed translucent gate.
 21085 | Lair:5   | Found a runed translucent gate.
 21154 | Lair:5   | Noticed a minotaur
 21534 | Lair:5   | Reached skill level 10 in Dodging
 21848 | Lair:5   | Reached skill level 20 in Summonings
 21912 | Lair:5   | Noticed a dire elephant
 21912 | Lair:5   | Noticed a dire elephant
 21934 | Lair:5   | Reached ****** piety under Yredelemnul
 21953 | Lair:5   | Noticed a dire elephant
 22499 | D:6      | HP: 2/63 [red devil/+2 demon trident of venom[a kobold
                  | demonologist] (11)]
 22671 | D:6      | Killed Wilhelm1986's ghost
 22804 | D:6      | Found an iron altar of Okawaru.
 23021 | D:7      | Killed kalagan's ghost
 23468 | Lair:5   | Killed a dire elephant
 23469 | Lair:5   | Reached XP level 14. HP: 58/64 MP: 2/37
 23737 | Lair:5   | Identified the +5 battleaxe of Experimentation {venom,
                  | Str+3}
 24580 | Lair:5   | Noticed satrion's ghost (journeyman DsAK)
 25118 | Lair:5   | Learned a level 3 spell: Summon Guardian Golem
 25145 | Lair:5   | HP: 3/68 [satrion's ghost (3)]
 25226 | Lair:5   | Killed satrion's ghost
 26007 | Orc:1    | Entered Level 1 of the Orcish Mines
 26157 | Orc:1    | Reached skill level 21 in Summonings
 26375 | Orc:2    | Entered Level 2 of the Orcish Mines
 26660 | Orc:2    | Found Fewk's Jewellery Boutique.
 26991 | Orc:2    | Found a staircase to the Elven Halls.
 27084 | Orc:2    | Found Posoim's Jewellery Shoppe.
 27123 | Orc:2    | HP: 1/68 [orc knight/+2 battleaxe (25)]
 27965 | Orc:2    | HP: 3/68 [sixfirhy[an orc high priest] (10)]
 28317 | Orc:2    | Found Intosiff's Jewellery Shoppe.
 28332 | Orc:2    | Found Jeuson's Assorted Antiques.
 28332 | Orc:2    | Found Boremor's Book Shop.
 28791 | Orc:2    | Bought a Fen Folio for 672 gold pieces
 28791 | Orc:2    | Bought a book of the Wilderness for 608 gold pieces
 28799 | Orc:2    | Learned a level 6 spell: Summon Cactus Giant
 28805 | Orc:2    | Learned a level 5 spell: Summon Forest
 28813 | Orc:2    | Learned a level 7 spell: Summon Hydra
 28819 | Orc:2    | Learned a level 5 spell: Summon Mana Viper
 30064 | D:11     | Found a gate leading to a gauntlet.
 30090 | Gauntlet | Entered a Gauntlet
 30090 | Gauntlet | Found a transporter.
 30090 | Gauntlet | Found a transporter.
 30094 | Gauntlet | Found a transporter.
 30095 | Gauntlet | Found a transporter.
 30097 | Gauntlet | Found a transporter.
 30137 | Gauntlet | Found a transporter.
 30140 | Gauntlet | Found a transporter.
 30140 | Gauntlet | Found a transporter.
 30155 | Gauntlet | Found a transporter.
 30171 | Gauntlet | Found a transporter.
 30175 | Gauntlet | Noticed a quicksilver ooze
 30181 | Gauntlet | Found a transporter.
 30196 | Gauntlet | Found a transporter.
 30211 | Gauntlet | Found the +7 Singing Sword {vorpal, sonic wave}
 30216 | Gauntlet | Found a transporter.
 30230 | Gauntlet | Found a transporter.
 30504 | Gauntlet | Identified the +0 hat "Pihu" {rPois Will+ Dex+2}
 30567 | Gauntlet | Killed a quicksilver ooze
 30572 | Gauntlet | Identified the ring "Kicixyhe" {rC+ Str-2 Dex+2 Stlth+}
 30718 | Gauntlet | Identified the ring "Xetitiej" {rC+ rN+ Int+7 Dex+2 Stlth+}
 30850 | Gauntlet | Got the Atlas of Battle Magic
 30850 | Gauntlet | Got Degi's Lectures on Direction and the Oath
 31112 | D:11     | Noticed Sonja
 31117 | D:11     | Killed Sonja
 31925 | D:12     | Noticed Kirke
 31935 | D:12     | Reached XP level 15. HP: 72/72 MP: 5/39
 31935 | D:12     | Killed Kirke
 32107 | D:12     | Identified the +8 flail "Laosaros" {drain, *Rage rElec
                  | Stlth+}
 32647 | D:13     | Found a runed translucent door.
 32649 | D:13     | Found a shimmering altar of Xom.
 32649 | D:13     | Noticed Xeskurph Meti's ghost (journeyman GrEE)
 32669 | D:13     | Reached skill level 22 in Summonings
 32683 | D:13     | Found Qonnuuri's Mass Market.
 32982 | D:13     | Found a runed translucent door.
 33230 | D:13     | HP: 3/72 [boulder beetle (8)]
 33682 | D:13     | Got the Commentary on the Displaced Escort
 33897 | D:13     | Found a gate to the Vaults.
 33932 | D:13     | Reached skill level 23 in Summonings
 34184 | D:13     | Killed Xeskurph Meti's ghost
 34586 | Spider:1 | Entered Level 1 of the Spider Nest
 34603 | Spider:1 | Identified the +0 quarterstaff of Oxamicunt {vorpal, rC+
                  | rN+}
 35198 | Spider:1 | HP: 1/72 [spark wasp (17)]
 35200 | Spider:1 | Demolished by a spark wasp

Illustrated notes

Levels and vault maps discovered:
D:1:      ncdulo_lavacross, layout_basic, shapermc_ecumenical_altar_pompeii
D:2:      layout_basic, serial_shops, shop, minmay_pentomino_w2
D:3:      layout_rooms, nicolae_overflow_hidden_temple
D:4:      layout_loops_cross, nicolae_gozag_seed_capital, serial_shops,
          kennysheep_little_box, chequers_serial_rivers_micro_e, st_stairs_8
D:5:      lemuel_ratsnest, layout_basic, nemelex_spade_bored_becter,
          nicolae_shop_sticking_my_neck_out
D:6:      gammafunk_wand_slinger, layout_rooms, marbit_many_paths,
          mainiacjoe_overflow_swirl, ebering_ghost_disaster_area,
          uniq_blork_the_orc
D:7:      kennysheep_steamy, layout_basic, mainiacjoe_overflow_catwalk,
          temple_statues, gammafunk_ghost_nasty_kobolds
D:8:      layout_basic, nicolae_figureground_pulse
D:9:      minmay_angry_zag, layout_basic, hiddenorc2_lemuel,
          minmay_fire_ice_demons, uniq_joseph, uniq_psyche, uniq_amaemon
D:10:     layout_basic, mainiacjoe_overflow_surrounded_room, lair_entry_dummy
D:11:     layout_roguey, gauntlet_entry_generic, uniq_sonja
D:12:     layout_gridville, uniq_kirke
D:13:     minmay_the_grid_square_5x5_4x4_mashed
          [minmay_the_grid_square_5x5_trominoes,
          minmay_the_grid_square_5x5_minivault,
          minmay_the_grid_square_5x5_hourglass,
          minmay_the_grid_square_5x5_eight,
          minmay_the_grid_square_5x5_hollow_slash,
          minmay_the_grid_square_5x5_prize_open,
          minmay_the_grid_square_5x5_prize_waves,
          minmay_the_grid_square_5x5_minibox,
          minmay_the_grid_square_5x5_checkered,
          minmay_the_grid_square_5x5_prize_junk,
          minmay_the_grid_square_5x5_prize_gold,
          minmay_the_grid_square_5x5_inverted_slash,
          minmay_the_grid_square_5x5_empty, minmay_the_grid_square_5x5_shuriken,
          minmay_the_grid_square_5x5_three_small,
          minmay_the_grid_square_5x5_two_walls_a], layout_small_grid,
          david_vaults_3, ebering_ghost_xom, wad_floor_pattern_untrapped,
          minmay_shop_mass, lightli_church_of_beogh
Temple:   hellmonk_temple_divided_pantheon
Lair:1:   layout_small_grid, portal_ice_cave_rime, uniq_gastronok, uniq_nergalle
Lair:2:   layout_long_grid, elwin_shoals_entry_rocks, st_stairs_10, minivault_19
Lair:3:   layout_cave_pods, dummy_spider_entry, grunt_megastairs_3, uniq_fannar
Lair:4:   layout_regular_city, slime_entry_1, lemuel_fruit_tree
Lair:5:   due_jungle_book, layout_regular_city, maelrawn_ghost_gauntlet_escape
Spider:1: nicolae_spider_hall_of_the_moth_king
Orc:1:    layout_caves, basic_altar
Orc:2:    st_orc_elflike, layout_caves, serial_shops, nicolae_shop_trees,
          nicolae_orc_lava_room

Skill      XL: |  1  2  3  4  5  6  7  8  9 10 11 12 13 14 15 |
---------------+----------------------------------------------+-----
Summonings     | 5 6 7 8 9 11 13 15 17 18 20 21 23 | 23.2
Spellcasting   | 4 5 6 7 9 11 13 14 15 17 18 19 | 19.8
Dodging        | 5 8 10 12 14 | 14.3
Stealth        | |  2.4

Action                   |  1- 3 |  4- 6 |  7- 9 | 10-12 | 13-15 || total
-------------------------+-------+-------+-------+-------+-------++-------
Melee: Unarmed           |     2 |       |       |       |       ||     2
       Dagger            |    73 |       |       |       |       ||    73
       Morningstar       |       |    78 |    31 |       |       ||   109
       Punch             |       |     2 |     1 |       |     3 ||     6
       Trident           |       |       |     7 |   102 |   283 ||   392
 Cast: Summon Small Mamm |    31 |    33 |    49 |    66 |    93 ||   272
       Call Canine Famil |     4 |    16 |    39 |    46 |   119 ||   224
       Call Imp          |       |     2 |    11 |    20 |    31 ||    64
       Summon Lightning  |       |       |    16 |    79 |   157 ||   252
       Summon Hydra      |       |       |       |       |    44 ||    44
       Summon Mana Viper |       |       |       |       |    19 ||    19
       Summon Cactus Gia |       |       |       |       |    27 ||    27
       Summon Guardian G |       |       |       |       |     8 ||     8
       Summon Forest     |       |       |       |       |     2 ||     2
Invok: Recall Undead Har |       |       |       |       |     1 ||     1
Evoke: Wand              |       |       |       |       |     1 ||     1
  Use: Potion            |       |     2 |     3 |       |    15 ||    20
       Scroll            |       |       |     6 |    11 |    19 ||    36
 Stab: Sleeping          |     3 |       |       |     1 |     1 ||     5
       Distracted        |       |     1 |     1 |     2 |    13 ||    17
Armor: Robe              |    30 |       |       |       |       ||    30
       Leather armour    |       |    37 |    28 |     4 |       ||    69
       Troll leather arm |       |       |       |    32 |    42 ||    74
       Ring mail         |       |       |       |       |   115 ||   115
Dodge: Dodged            |    70 |    72 |    61 |   100 |   356 ||   659
       Repelled          |       |       |     1 |     4 |     6 ||    11
